AoeStats
← maikelvdweegen

Lombardia

508702338Analyzed
2v2 RM · 7d ago on Sep 23, 2026· 22m 22s· 4 players
Game mode
Random Map
Map size
Medium (4 player)
Population
200
Speed
Normal
Resources
Standard
Victory
Conquest
Starting age
Dark Age
Ending age
Imperial Age
RankedLock teamsTeams togetherTeam positionsShared explorationLock speedFull tech treeHidden civsTurbo modeCheats
Victory
Defeat
🇪🇸 Khmer · Spain
742
+15
🇩🇪 Teutons · Germany
710
+16
🇵🇪 Khmer · Peru
763
-43
🇳🇱 Portuguese · Netherlands
678
-25
Sg1Sga
0:34 Loom
12:35 Feudal Age
13:09 Man-at-Arms
22:50 Wheelbarrow
Quenlionn14
9:42 Feudal Age
7:58 Loom
11:20 Wheelbarrow
10:43 Gold Mining
11:08 Horse Collar
18:39 Castle Age
18:27 Scale Barding Armor
18:33 Forging
18:49 Double-Bit Axe
maikelvdweegen
10:52 Feudal Age
19:01 Castle Age
Lejour
10:05 Feudal Age
13:59 Wheelbarrow
19:43 Stone Mining
19:44 Gold Mining
19:42 Double-Bit Axe
Connection lost

Rejoining the realm…

Still unreachable

The connection could not be restored.

Session expired

The server has moved on; the page needs a fresh start.